 Dungeon Crawl Stone Soup version 0.30.0-5-g1a98f26d00 (webtiles) character file.

Game seed: 1299789603319239558

147 Dordric the Shooter (level 5, -3/38 HPs)
             Began as a Formicid Hunter on May 12, 2023.
             Slain by Ijyb
             ... wielding a +0 dagger
              (6 damage)
             ... on level 3 of the Dungeon.
             The game lasted 00:03:57 (2214 turns).

Dordric the Shooter (Formicid Hunter)               Turns: 2214, Time: 00:03:57

Health: -3/38      AC:  3    Str: 15 (16) XL:     5   Next: 55%
Magic:  5/5        EV: 12    Int:  5 (8)  God:
Gold:   127        SH:  0    Dex: 17 (19) Spells: 4/4 levels left

rFire   + . .        a - +1 shortbow
rCold   + . .        (no shield)
rNeg    . . .        c - +0 leather armour
rPois   +            (helmet unavailable)
rElec   +            (no cloak)
rCorr   +            (no gloves)
SInv    +            (no boots)
Will    .....        (no amulet)
Stlth   ++           q - ring of flight
HPRegen 0.26/turn    (no ring)
MPRegen 0.09/turn

%: no passive effects
@: resistant, flying
A: permanent stasis, dig shafts and tunnels, antennae 3, four strong arms
a: Dig, Shaft Self


You were on level 3 of the Dungeon.
You visited 1 branch of the dungeon, and saw 3 of its levels.

You collected 127 gold pieces.

Inventory:

Hand Weapons
 a - a +1 shortbow (weapon)
Armour
 c - a +0 leather armour (worn)
 u - a +0 chain mail
Jewellery
 q - a ring of flight (left hand)
Scrolls
 b - 2 scrolls of immolation
 g - a scroll of fog
 k - a scroll of poison
Potions
 f - a potion of haste
 n - a potion of curing {unknown}
 o - a potion of magic {unknown}
 p - a potion of flight {unknown}


   Skills:
 - Level 2.1 Fighting
 + Level 6.4 Ranged Weapons
 - Level 1.7 Dodging
 - Level 1.2 Stealth


You had 4 spell levels left.
You didn't know any spells.
Your spell library contained the following spells:

 Spells                   Type           Power      Damage    Failure   Level
 Simulacrum               Ice/Necr       0%         N/A       100%        6
 Ozocubu's Refrigeration  Ice            0%         4d7       100%        7
 Polar Vortex             Ice            0%         N/A       100%        9


Dungeon Overview and Level Annotations

Branches:
Dungeon (3/15)

Altars:

Annotations:
D:2 1 runed translucent door, Crazy Yiuf
D:3 Ijyb


Innate Abilities, Weirdness & Mutations

You cannot be hasted, slowed, berserked, paralysed or teleported.
You can dig through walls and to a lower floor.
You have a pair of large antennae on your head. (SInv)
Your four strong arms can wield two-handed weapons with a shield.


Message History

You shoot an arrow. The arrow hits Ijyb.
Ijyb is lightly wounded.
The grasping roots constrict you.
You shoot an arrow. The arrow hits Ijyb but does no damage.
Ijyb is lightly wounded.
The grasping roots constrict you. The grasping roots constrict you!
The grasping roots release their grip on you.
You are too injured to fight recklessly!
As you read the scroll of summoning, it crumbles to dust.
Wisps of shadow whirl around you... Ijyb hits you with a +0 dagger.
It was a potion of haste.
Your stasis prevents you from being hasted.
Your giant cockroach bites Ijyb but does no damage.
Ijyb zaps a wand.
The roots erupt in riotous growth!
The grasping roots grab you! Roots grab your bat.
Roots grab your giant cockroach. Roots grab your ball python.
Ijyb is unaffected.
The grasping roots constrict your giant cockroach.
Your giant cockroach dies!
Your giant cockroach's corpse dissolves into shadows!
The grasping roots constrict your ball python.
Your ball python dies!
Your ball python's corpse dissolves into shadows!
The grasping roots constrict your bat!
Your bat dies!
Your bat's corpse dissolves into shadows!
The grasping roots constrict you.
Your rat closely misses Ijyb.
You hear a shout!
It was a potion of resistance.
You feel protected.
Your rat bites Ijyb.
Ijyb hits you with a +0 dagger.
* * * LOW HITPOINT WARNING * * *
The grasping roots constrict you.
* * * LOW HITPOINT WARNING * * *
The grasping roots release their grip on you.
It was a potion of degeneration.
There was something very wrong with that liquid.
You feel weakened.
You feel dopey.
You feel clumsy. Ijyb hits you with a +0 dagger.
You die... .gg

#.# #######.#.##.# ..{{
#######.###....##.# #.#
....{{ ..............##.#
#.#
......#####.###.###.?.....#
##.##
......:.gg.............##.#
#....
......#####...#).###.#..#.#
#..## .....
#...#r..).......# #..# ####
#...#.g.##.##.#.# #..#
#...#.@.##..#.#.# #..#
#...#.#.........#.#..#
#...#.###.#.#...#.#..#
#.........#.#...#.#).#
#.#.#####.#.##.##.#..#
#.#.....#.#.....#†#..#
#.###.#.#.#.#####.#..#
#...............#.#..#
#.#.....#............#


You could see Ijyb (strong, ally target) and a friendly rat (summoned).

Vanquished Creatures
  Robin (D:3)
  3 gnolls (D:3)
  2 adders (D:2)
  2 worms (D:2)
  3 dart slugs
  7 ball pythons
  8 bats
  3 endoplasms
  2 giant cockroaches
  5 goblins
  7 hobgoblins
  9 jackals (D:1)
  5 quokkas
  2 frilled lizards (D:2)
  3 kobolds
  11 rats
73 creatures vanquished.

Notes
Turn   | Place    | Note
-------+----------+-------------------------------------------
     0 | D:1      | Dordric the Formicid Hunter began the quest for the Orb.
     0 | D:1      | Reached XP level 1. HP: 16/16 MP: 1/1
    34 | D:1      | Reached XP level 2. HP: 20/22 MP: 2/2
    86 | D:1      | Reached XP level 3. HP: 27/27 MP: 3/3
   152 | D:1      | Reached skill level 5 in Ranged Weapons
   378 | D:1      | Reached XP level 4. HP: 32/32 MP: 4/4
  1121 | D:2      | Reached skill level 6 in Ranged Weapons
  1121 | D:2      | Reached XP level 5. HP: 22/38 MP: 5/5
  1249 | D:2      | Found a runed translucent door.
  1250 | D:2      | Noticed Crazy Yiuf
  2185 | D:3      | Noticed Robin
  2185 | D:3      | Noticed Ijyb
  2207 | D:3      | Killed Robin
  2214 | D:3      | Slain by Ijyb

Illustrated notes

Levels and vault maps discovered:
D:1:      psy_arrival_spokes, layout_rooms, minmay_three_crescents
D:2:      wad_river_or_something, layout_loops_ring, uniq_crazy_yiuf_cottage
D:3:      layout_basic, corexii_shack, nicolae_goblin_pals

Skill      XL: |  1  2  3  4 |
---------------+-------------+-----
Ranged Weapons | 5 6 |  6.4
Fighting       | |  2.1
Dodging        | |  1.7
Stealth        | |  1.2

Action                     |  1- 3 |  4- 6 || total
---------------------------+-------+-------++-------
   Fire: Shortbow          |    88 |    94 ||   182
Ability: Dig               |     1 |       ||     1
    Use: Scroll            |       |    10 ||    10
         Potion            |       |     3 ||     3
 Armour: Leather armour    |    17 |     9 ||    26
  Dodge: Dodged            |    49 |    36 ||    85
